 Dungeon Sprint DCSS version 0.28.0 (webtiles) character file.

Game seed: 1564123740792676216

203 rocky1 the Geomancer (level 5, -5/28 HPs)
             Began as a Gargoyle Earth Elementalist on Feb 9, 2022.
             Was a Believer of Sif Muna.
             Killed by divine providence
             ... invoked by an orc priest
              (13 damage)
             ... in the Dungeon (Sprint VII: "The Pits").
             The game lasted 00:03:02 (760 turns).

rocky1 the Geomancer (Gargoyle Earth Elementalist)   Turns: 760, Time: 00:03:02

Health: -5/28      AC:  7    Str: 11    XL:     5   Next: 81%
Magic:  8/13       EV: 11    Int: 18    God:    Sif Muna [**....]
Gold:   0          SH:  0    Dex: 10    Spells: 11/15 levels left

rFire   . . .      SeeInvis .   n - +2 quarterstaff (speed)
rCold   . . .      Faith    .   (shield currently unavailable)
rNeg    + . .      Spirit   .   b - +0 robe
rPois   ∞          Reflect  .   (no helmet)
rElec   +          Harm     .   m - +0 cloak
rCorr   .          Rampage  .   (no gloves)
Will    .....      NoTele   +   (no boots)
Stlth   ++........              (no amulet)
HPRegen 0.09/turn               (no ring)
MPRegen 0.13/turn               (no ring)

@: no status effects
A: sickness immunity, AC +4, negative energy resistance 1, electricity
resistance, torment resistance 1, petrification resistance
a: Renounce Religion, Channel Magic


You were in the Dungeon.
You worshipped Sif Muna.
Sif Muna was pleased with you.
You visited 1 branch

Inventory:

Hand Weapons
 a - a +2 quarterstaff
 n - a +2 quarterstaff of speed (weapon)
Missiles
 i - 31 stones
Armour
 b - a +0 robe (worn)
 m - a +0 cloak (worn)
Scrolls
 h - a scroll of blinking
 k - 5 scrolls of amnesia
 l - a scroll of summoning
Potions
 c - 6 potions of curing
 d - 6 potions of heal wounds
 e - a potion of haste
 f - 4 potions of magic
 g - 4 potions of berserk rage
 j - 2 potions of invisibility


   Skills:
 + Level 0.1 Fighting
 - Level 1.5 Dodging
 - Level 2.1 Stealth
 + Level 5.7 Spellcasting
 + Level 0.1 Conjurations
 - Level 0.7 Transmutations
 + Level 12.2 Earth Magic


You had 11 spell levels left.
You knew the following spells:

 Your Spells              Type           Power      Damage    Failure   Level
a - Sandblast             Erth           98%        2d20      1%          1
b - Stone Arrow           Conj/Erth      54%        3d10      3%          3

Your spell library contained the following spells:

 Spells                   Type           Power      Damage    Failure   Level
 Passwall                 Tmut/Erth      23%        N/A       1%          2
 Petrify                  Tmut/Erth      28%        N/A       9%          4


Dungeon Overview and Level Annotations

Branches:
Dungeon (1/1)

Altars:
Ashenzari
Cheibriados
Dithmenos
Elyvilon
Fedhas
Gozag
Hepliaklqana
Kikubaaqudgha
Makhleb
Nemelex Xobeh
Okawaru
Qazlal
Ru
Sif Muna
Trog
Uskayaw
Vehumet
Wu Jian
Xom
Yredelemnul
Zin
The Shining One
Beogh
Jiyva
Lugonu


Innate Abilities, Weirdness & Mutations

You are immune to sickness and miasma.
Your stone body is resilient. (AC +4)
You are immune to poison.
You resist negative energy. (rN+)
You are resistant to electric shocks. (rElec)
You are resistant to unholy torment.
You are immune to petrification.


Message History

You open the door. 2 orcs come into view.
The orc shouts!
You hear a shout!
You hear an angry hiss.
An orc priest comes into view. It is wielding a +0 war axe. x2
The orc priest moves out of view.
A water moccasin comes into view.
The water moccasin hisses angrily.
A scorpion comes into view.
There is an open door here.
The orc priest mumbles some strange prayers to Beogh against you.
Beogh smites you!
Ouch! That really hurt!
Casting: Stone Arrow (dangerous; 3% risk of failure)
Confirm with . or Enter, or press ? or * to list all spells.
Aiming: Sandblast (safe; 1% risk of failure)
Press: ? - help, Shift-Dir - straight line, f - orc
Aim: an orc, wielding a +0 flail (83% to hit)
The blast of sand hits the orc!!
You kill the orc!
Sif Muna accepts your kill.
Unknown command.
Casting: Sandblast (safe; 1% risk of failure)
Confirm with . or Enter, or press ? or * to list all spells.
Aiming: Stone Arrow (dangerous; 3% risk of failure)
Press: ? - help, Shift-Dir - straight line, f - water moccasin
Aim: a water moccasin (53% to hit)
The stone arrow misses the water moccasin.
Unknown command.
Casting: Stone Arrow (dangerous; 3% risk of failure)
Confirm with . or Enter, or press ? or * to list all spells.
Aiming: Sandblast (safe; 1% risk of failure)
Press: ? - help, Shift-Dir - straight line, f/p - water moccasin
Aim: a water moccasin (72% to hit)
The blast of sand hits the water moccasin.
The water moccasin is moderately wounded.
The water moccasin bites you.
* * * LOW HITPOINT WARNING * * *
The orc priest calls down the wrath of Beogh upon you.
Beogh smites you!
You die...

##########.##.....
#....)......'.....
#'#####)#####.....
#.#.....#..##.....
#.#.....#).#####'#
#.###÷###))##.....
#.#.....#))##.....
#.#.....#[[##.....
#@####'##'###...<.
#S#.†......##.....
#)#........##.....
#'###########.....
#o....S.# ######
#o###.s.# #.# .#
#.# #..


You could see a water moccasin, an orc priest and an orc.

Vanquished Creatures
  A floating eye (D)
  A scorpion (D)
  Crazy Yiuf (D)
  A river rat (D)
  An orc (D)
  A goblin (D)
  4 jackals (D)
  2 rats (D)
12 creatures vanquished.

Notes
Turn   | Place    | Note
-------+----------+-------------------------------------------
     0 | D        | rocky1 the Gargoyle Earth Elementalist began the quest for
                  | the Orb.
     0 | D        | Reached XP level 1. HP: 10/10 MP: 3/3
    24 | D        | Reached skill level 4 in Earth Magic
    28 | D        | Reached skill level 5 in Earth Magic
   265 | D        | Found a bloodstained altar of Trog.
   265 | D        | Found a shimmering blue altar of Sif Muna.
   265 | D        | Found a viscous altar of Jiyva.
   265 | D        | Found a hazy altar of Hepliaklqana.
   265 | D        | Found an opulent altar of Gozag.
   266 | D        | Found a glowing golden altar of the Shining One.
   266 | D        | Found a glowing silver altar of Zin.
   266 | D        | Found a basalt altar of Yredelemnul.
   266 | D        | Found a shimmering altar of Xom.
   266 | D        | Found an ornate altar of the Wu Jian Council.
   266 | D        | Found a sacrificial altar of Ru.
   266 | D        | Found a stormy altar of Qazlal.
   266 | D        | Found an iron altar of Okawaru.
   266 | D        | Found a sparkling altar of Nemelex Xobeh.
   266 | D        | Found a burning altar of Makhleb.
   266 | D        | Found a blossoming altar of Fedhas.
   266 | D        | Found a white marble altar of Elyvilon.
   266 | D        | Found a shadowy altar of Dithmenos.
   266 | D        | Found a snail-covered altar of Cheibriados.
   271 | D        | Found a corrupted altar of Lugonu.
   271 | D        | Found a radiant altar of Vehumet.
   272 | D        | Found an ancient bone altar of Kikubaaqudgha.
   272 | D        | Found a hide-covered altar of Uskayaw.
   272 | D        | Found a broken altar of Ashenzari.
   273 | D        | Became a worshipper of Sif Muna the Loreminder
   402 | D        | Reached * piety under Sif Muna
   403 | D        | Noticed a floating eye
   408 | D        | Killed a floating eye
   409 | D        | Reached skill level 5 in Spellcasting
   409 | D        | Reached skill level 9 in Earth Magic
   409 | D        | Reached XP level 2. HP: 15/15 MP: 3/8
   409 | D        | Reached XP level 3. HP: 19/19 MP: 3/10
   409 | D        | Reached XP level 4. HP: 24/24 MP: 3/11
   480 | D        | Learned a level 3 spell: Stone Arrow
   482 | D        | Noticed a scorpion
   482 | D        | Noticed Crazy Yiuf
   495 | D        | Reached ** piety under Sif Muna
   496 | D        | Killed Crazy Yiuf
   497 | D        | Reached skill level 10 in Earth Magic
   497 | D        | Reached XP level 5. HP: 27/28 MP: 5/13
   572 | D        | Reached skill level 12 in Earth Magic
   754 | D        | Noticed a water moccasin
   760 | D        | Killed from afar by an orc priest

Illustrated notes

Levels and vault maps discovered:
D:        pitsprint [storerooms_1, entrance_room_1, metal_vault_5, armoury_1,
          mini_pit_1, grid_room_1, main_hall_1, silver_pit, the_coven_3,
          the_vestibule_1, steel_vault_3, golden_pit, hallway_of_sentries,
          crystal_vault_2, iron_vault_3, final_vault]

Skill      XL: |  1  2  3  4  5 |
---------------+----------------+-----
Earth Magic    | 9 10 12 | 12.2
Spellcasting   | 5 |  5.7
Fighting       | |  0.1
Dodging        | |  1.5
Stealth        | |  2.1
Conjurations   | |  0.1
Transmutations | |  0.7

Action                   |  1- 3 |  4- 6 || total
-------------------------+-------+-------++-------
Melee: Quarterstaff      |    12 |     1 ||    13
       Unarmed           |    11 |       ||    11
 Cast: Sandblast         |     2 |     7 ||     9
       Stone Arrow       |       |     3 ||     3
 Stab: Sleeping          |     2 |       ||     2
Armor: Robe              |     7 |     2 ||     9
Dodge: Dodged            |    15 |     3 ||    18
